 Dungeon Crawl Stone Soup version 0.22-a0-441-gcf5b0c64b7 (webtiles) character file.

52 Rrauwl the Skirmisher (level 3, -4/30 HPs)
             Began as a Barachi Fighter on May 30, 2018.
             Slain by an ogre
             ... wielding a +0 giant club
              (8 damage)
             ... on level 2 of the Dungeon.
             The game lasted 00:03:04 (972 turns).

Rrauwl the Skirmisher (Barachi Fighter)              Turns: 972, Time: 00:03:05

Health: -4/30      AC:  9    Str: 18    XL:     3   Next: 85%
Magic:  3/3        EV:  7    Int:  8    God:
Gold:   66         SH:  9    Dex: 11    Spells: 2/2 levels left

rFire    . . .     SeeInvis .   a - +0 long sword
rCold    . . .     Gourm    .   c - +0 shield
rNeg     . . .     Faith    .   b - +0 scale mail
rPois    .         Spirit   .   i - +0 helmet
rElec    .         Reflect  .   e - +0 cloak
rCorr    .         Harm     .   (no gloves)
MR       .....                  (no boots)
Stlth    ..........             (no amulet)
HPRegen  0.10/turn              (no ring)
MPRegen  0.08/turn              (no ring)

@: slow
A: +LOS, swims, slowness 1, strong legs 1
a: Hop


You were on level 2 of the Dungeon.
You were not hungry.

You visited 1 branch of the dungeon, and saw 2 of its levels.

You collected 66 gold pieces.

Inventory:

Hand Weapons
 a - a +0 long sword (weapon)
Armour
 b - a +0 scale mail (worn)
 c - a +0 shield (worn)
 e - a +0 cloak (worn)
 i - a +0 helmet (worn)
Scrolls
 g - a scroll of identify
Potions
 d - a potion of might
 k - a potion of flight
Comestibles
 f - 6 rations
 h - a chunk of flesh


   Skills:
 + Level 4.1 Fighting
 + Level 3.0 Long Blades
 + Level 4.1 Armour
 + Level 1.3 Dodging
 + Level 3.7 Shields


You had 2 spell levels left.
You didn't know any spells.
Your spell library was empty.

Dungeon Overview and Level Annotations

Branches:
Dungeon (2/15)

Altars:


Innate Abilities, Weirdness & Mutations

Shadows flee at your approach. (+LOS)
You can swim through water.
You cover ground slowly.
You can hop short distances.


Message History

You hit the jackal.
The jackal is heavily wounded.
You block the kobold's attack.
The jackal bites you but does no damage.
The orc hits you but does no damage. The kobold hits you but does no damage.
You hit the jackal.
You kill the jackal!
You block the kobold's attack. The orc hits you but does no damage.
The ogre misses you.
You hit the ogre.
The ogre is lightly wounded.
The kobold hits you but does no damage. You block the orc's attack.
The kobold closely misses you. You block the ogre's attack.
You hit the ogre.
The ogre is moderately wounded.
The orc hits you but does no damage. The kobold closely misses you.
You hit the ogre but do no damage.
The ogre is moderately wounded.
The ogre hits you with a giant club!
You die...

......####[.##
..............
.[...#.##......
.##.##.#####).. #.##. #.#
#..[ ##.. ##.. #.. #.. #O#
#.. #@# #.# #######K####
#.# ##.....ogo..## #.#
##.......oo...## #..
#..(..[........# ####.#
#....(............ .......
#...†..........###...###.#
#..............# #
#..............#


You could see an orc warrior, an ogre, 3 orcs, a goblin and a kobold.

Vanquished Creatures
  2 worms (D:2)
  3 dart slugs (D:1)
  An orc (D:2)
  2 giant cockroaches
  2 goblins (D:1)
  8 hobgoblins
  3 jackals (D:2)
  4 kobolds
  2 bats
  5 frilled lizards
  5 rats
37 creatures vanquished.

Notes
Turn   | Place    | Note
-------+----------+-------------------------------------------
     0 | D:1      | Rrauwl the Barachi Fighter began the quest for the Orb.
     0 | D:1      | Reached XP level 1. HP: 18/18 MP: 1/1
   335 | D:1      | Reached XP level 2. HP: 20/25 MP: 2/2
   503 | D:1      | Reached skill level 1 in Dodging
   503 | D:1      | Reached XP level 3. HP: 30/30 MP: 3/3
   940 | D:2      | Noticed an orc warrior
   964 | D:2      | Noticed an ogre
   972 | D:2      | Slain by an ogre

Vault maps used:
D:1:      roderic_chinese_lattice_arrival, minmay_pentomino_w2
D:2:      first_ration

Skill      XL: |  1  2  3 |
---------------+----------+-----
Dodging        | 1 |  1.3
Fighting       | 4 |  4.1
Armour         | 4 |  4.1
Long Blades    | 3 |  3.0
Shields        | |  3.7

Action                   || total
-------------------------++-------
Melee: Long sword        ||   125
  Use: Scroll            ||     2
  Eat: Chunk             ||     1
Armor: Scale mail        ||    67
Dodge: Dodged            ||    41
Block: Shield            ||    81
       Rpst.: Long sword ||     8

Table legend:
 A = Spawn XP
 B = Non-spawn XP
 C = Spawn XP percentage of total XP
 D = Spawn monster count
 E = Non-spawn monster count
 F = Spawn count percentage of total count
 G = Total turns spent on level
                    A         B        C        D         E        F      G
               +---------+---------+-------+---------+---------+-------+---------
         Total |       0 |      75 |   0.0 |       0 |      37 |   0.0 |   972
               +---------+---------+-------+---------+---------+-------+---------
           D:1 |       0 |      40 |   0.0 |       0 |      21 |   0.0 |   708
           D:2 |       0 |      35 |   0.0 |       0 |      16 |   0.0 |   264
               +---------+---------+-------+---------+---------+-------+---------
